 Dungeon Crawl Stone Soup version 0.31.0-12-g77e489cdc1 (webtiles) character file.

Game seed: 2219705853407842957

15131 EonDragon20 the Fighter (level 12, -12/77 HPs)
             Began as a Gargoyle Earth Elementalist on Feb 17, 2024.
             Was an Elder of Vehumet.
             Mangled by a skeletal warrior
             ... wielding a +0 halberd
              (23 damage)
             ... on level 11 of the Dungeon.
             The game lasted 00:57:05 (14824 turns).

EonDragon20 the Fighter (GrEE)                     Turns: 14824, Time: 00:57:06

Health: -12/77     AC: 20    Str: 12    XL:     12   Next: 23%
Magic:  8/24       EV: 13    Int: 21    God:    Vehumet [****..]
Gold:   690        SH:  0    Dex: 10    Spells: 13/28 levels left

rFire   . . .        m - staff of conjuration
rCold   . . .        (no shield)
rNeg    + + .        L - +0 acid dragon scales
rPois   ∞            o - +2 helmet
rElec   +            l - +0 cloak
rCorr   +            s - +1 pair of gloves
SInv    +            (no boots)
Will    .....        (no amulet)
Stlth   +            k - ring of positive energy
HPRegen 0.32/turn    p - ring of see invisible
MPRegen 0.19/turn

%: no passive effects
@: very slightly contaminated
A: sickness immunity, AC +8, negative energy resistance 1, electricity
resistance, torment resistance 1, petrification resistance
a: Renounce Religion


You were on level 11 of the Dungeon.
You worshipped Vehumet.
Vehumet was greatly pleased with you.
You visited 2 branches of the dungeon, and saw 12 of its levels.
You also visited: Sewer.

You collected 762 gold pieces.
You spent 72 gold pieces at shops.

Inventory:

Missiles
 w - 2 throwing nets
Armour
 l - a +0 cloak (worn)
 o - a +2 helmet (worn)
 s - a +1 pair of gloves (worn)
 L - +0 acid dragon scales (worn)
Magical Staves
 m - a staff of conjuration (weapon)
Jewellery
 c - a ring of ice
 e - an amulet of faith
 k - a ring of positive energy (left hand)
 p - a ring of see invisible (right hand)
 y - a ring of positive energy
 B - a ring of willpower
 M - a ring of magical power
 N - a +6 ring of dexterity
Wands
 i - a wand of mindburst (35)
 t - a wand of flame (45)
 v - a wand of charming (14)
 D - a wand of digging (7)
 F - a wand of acid (5)
 I - a wand of iceblast (9)
Scrolls
 u - 5 scrolls of teleportation
 x - 2 scrolls of fear
 G - a scroll of revelation
 H - a scroll of vulnerability
 J - a scroll of brand weapon
 K - a scroll of poison
Potions
 b - 2 potions of heal wounds
 d - a potion of lignification
 f - 2 potions of brilliance
 g - 8 potions of curing
 h - 5 potions of mutation
 j - 2 potions of resistance
 n - 2 potions of degeneration {unknown}
 q - 4 potions of haste
 r - a potion of invisibility {unknown}
 z - a potion of magic
 A - 2 potions of might
 C - 3 potions of enlightenment
 E - 2 potions of cancellation {unknown}


   Skills:
 + Level 10.1 Fighting
 - Level 9.2 Staves
 - Level 8.0 Dodging
 - Level 2.1 Stealth
 + Level 8.7 Spellcasting
 * Level 5.3 Conjurations
 * Level 6.8 Earth Magic


You had 13 spell levels left.
You knew the following spells:

 Your Spells              Type           Power      Damage    Failure   Level
a - Sandblast             Erth           76%        2d16      1%          1
b - Stone Arrow           Conj/Erth      100%       3d13      1%          3
c - Brom's Barrelling Bo  Conj/Erth      51%        2d7       2%          4
d - Shock                 Conj/Air       100%       1d9       1%          1
e - Hailstorm             Conj/Ice       30%        3d8       3%          3
f - Passwall              Erth           38%        N/A       1%          3

Your spell library contained the following spells:

 Spells                   Type           Power      Damage    Failure   Level
 Iskenderun's Mystic Bla  Conj/Tloc      30%        2d8       11%         4
 Freeze                   Ice            36%        1d5       3%          1
 Lee's Rapid Deconstruct  Erth           19%        3d11*     5%          5
 Frozen Ramparts          Ice            18%        1d3       9%          3
 Summon Small Mammal      Summ           36%        N/A       11%         1
 Ensorcelled Hibernation  Hex/Ice        18%        N/A       17%         2
 Lesser Beckoning         Tloc           18%        N/A       17%         2
 Animate Armour           Summ/Erth      46%        N/A       26%         4
 Petrify                  Alch/Erth      23%        N/A       26%         4
 Fireball                 Conj/Fire      15%        3d8       26%         5
 Call Canine Familiar     Summ           9%         N/A       32%         3
 Fugue of the Fallen      Necr           9%         N/A       32%         3
 Gell's Gravitas          Tloc           9%         N/A       32%         3
 Teleport Other           Tloc           9%         N/A       32%         3
 Anguish                  Hex/Necr       4%         N/A       73%         4
 Passage of Golubria      Tloc           9%         N/A       73%         4
 Summon Blazeheart Golem  Fire/Summ      9%         N/A       73%         4
 Summon Lightning Spire   Summ/Air       9%         N/A       73%         4


Dungeon Overview and Level Annotations

Branches:
Dungeon (11/15)            Temple (1/1) D:5            Lair (0/5) D:10
    Orc (0/2) D:9           Sewer (visited)

Altars:
Ashenzari
Cheibriados
Dithmenos
Elyvilon
Fedhas
Gozag
Hepliaklqana
Kikubaaqudgha
Makhleb
Nemelex Xobeh
Okawaru
Qazlal
Ru
Sif Muna
Trog
Uskayaw
Vehumet
Wu Jian
Xom
Yredelemnul
Zin
The Shining One

Shops:
D:1 ?   D:5 ?

Annotations:
D:5 2 transporters, Zeo's ghost, novice BaHu


Innate Abilities, Weirdness & Mutations

You are immune to sickness and miasma.
Your stone body is resilient. (AC +8)
You are immune to poison.
You resist negative energy. (rN+)
You are resistant to electric shocks. (rElec)
You are resistant to unholy torment.
You are immune to petrification.


Message History

Casting: Stone Arrow (safe; 1% risk of failure)
Confirm with . or Enter, or press ? or * to list all spells.
Aiming: Stone Arrow (safe; 1% risk of failure)
Press: ? - help, Shift-Dir - straight line, f/p - skeletal warrior
Aim: a skeletal warrior, wielding a +0 glaive (heavily damaged, 78% to hit)
You feel a surge of power!
The stone arrow hits the skeletal warrior!
The skeletal warrior is severely damaged.
A skeletal warrior comes into view. It is wielding a +0 halberd.
The skeletal warrior hits you from afar with a +0 glaive!
The skeletal warrior hits you from afar with a +0 glaive!!
Okay, then.
Okay, then.
Okay, then.
Casting: Stone Arrow (safe; 1% risk of failure)
Confirm with . or Enter, or press ? or * to list all spells.
Okay, then.
The skeletal warrior hits you from afar with a +0 halberd!
* * * LOW HITPOINT WARNING * * *
The skeletal warrior attacks as it pursues you!
The skeletal warrior hits you but does no damage.
Casting: Stone Arrow (safe; 1% risk of failure)
Confirm with . or Enter, or press ? or * to list all spells.
Aiming: Brom's Barrelling Boulder (dangerous; 2% risk of failure)
Press: ? - help, Dir - move target, f - skeletal warrior
Aim: a skeletal warrior, wielding a +0 halberd (100% to hit)
You feel a surge of power!
You miscast Brom's Barrelling Boulder.
You are very lightly contaminated with residual magic.
You are hit by flying rocks.
The skeletal warrior hits you from afar with a +0 halberd.
* * * LOW HITPOINT WARNING * * *
Casting: Brom's Barrelling Boulder (dangerous; 2% risk of failure)
Confirm with . or Enter, or press ? or * to list all spells.
Aiming: Brom's Barrelling Boulder (dangerous; 2% risk of failure)
Press: ? - help, Dir - move target, f/p - skeletal warrior
Aim: a skeletal warrior, wielding a +0 halberd (100% to hit)
You feel a surge of power!
You miscast Brom's Barrelling Boulder.
Nothing appears to happen.
The skeletal warrior hits you from afar with a +0 halberd!!
You die...

....# ....# ...$.....$#
....+ .:.......# ....#
........# ....#
.......# ....# ......#
....# .z.. '####
#####'# .## ####.@.z.#
..# #....#####
#'##########'##########
........##............#
<.......##........[†..#
........##............#
........##............#
.........#............#
......................#


You could see a skeletal warrior.

Vanquished Creatures
  2 hydras (D:8)
  Erica (D:8)
  A centaur warrior (D:10)
  2 two-headed ogres (D:10)
  Pikel (D:3)
  2 deep elf zephyrmancers (D:8)
  An orc sorcerer (D:8)
  2 cyclopes (D:8)
  2 unseen horrors
  Jeremiah (D:8)
  2 komodo dragons (D:10)
  2 trolls
  Grinder (D:5)
  10 yaks (D:9)
  3 wraiths
  4 wyverns
  2 basilisks
  A steam dragon (D:8)
  A vampire mosquito (D:8)
  2 acid dragons (D:11)
  2 water moccasins
  A swamp drake (D:10)
  3 orc warriors
  2 sky beasts
  A laughing skull (D:8)
  2 ogres
  3 centaurs
  A lemure (D:4)
  A phantom (D:8)
  3 kobold brigands
  3 bullfrogs
  A gnoll sergeant (D:8)
  2 brain worms (Sewer)
  4 scorpions
  A wight (D:8)
  3 jellies
  5 howler monkeys
  7 hounds
  7 orc priests
  A gnoll bouda (D:8)
  6 iguanas
  2 sleepcaps
  12 orc wizards
  12 adders
  8 gnolls
  7 river rats (Sewer)
  2 shadow imps
  2 white imps
  A ribbon worm (D:5)
  A dart slug (D:1)
  76 orcs
  6 endoplasms
  12 giant cockroaches
  5 goblins
  3 hobgoblins
  8 jackals
  4 quokkas
  7 ball pythons
  3 bats
  5 frilled lizards
  25 kobolds
  10 rats
313 creatures vanquished.

Vanquished Creatures (collateral kills)
  A scorpion (D:5)
  5 boulders
6 creatures vanquished.

Vanquished Creatures (others)
  5 boulders
5 creatures vanquished.

Grand Total: 324 creatures vanquished

Notes
Turn   | Place    | Note
-------+----------+-------------------------------------------
     0 | D:1      | EonDragon20 the Gargoyle Earth Elementalist began the quest
                  | for the Orb.
     0 | D:1      | Reached XP level 1. HP: 10/10 MP: 3/3
   146 | D:1      | Got the Papyrus of Relocated Soot
   238 | D:1      | Reached XP level 2. HP: 15/15 MP: 1/5
   525 | D:1      | Found Galellol's Magic Scroll Shop.
  1020 | D:2      | Reached XP level 3. HP: 19/19 MP: 4/6
  1221 | D:2      | Reached XP level 4. HP: 24/24 MP: 1/7
  1236 | D:2      | Reached skill level 5 in Earth Magic
  1932 | D:1      | Bought 3 scrolls of identify for 72 gold pieces
  2001 | D:3      | Learned a level 3 spell: Stone Arrow
  2020 | D:3      | Found an iron altar of Okawaru.
  2136 | D:3      | You fall into a shaft and drop 3 floors!
  2142 | D:5      | Entered Level 5 of the Dungeon
  2365 | D:4      | Reached XP level 5. HP: 28/28 MP: 6/8
  2646 | D:4      | Found a glowing drain.
  2717 | Sewer    | Entered a sewer
  2973 | Sewer    | Learned a level 4 spell: Brom's Barrelling Boulder
  3026 | Sewer    | Reached XP level 6. HP: 24/32 MP: 4/9
  3302 | Sewer    | Reached skill level 5 in Conjurations
  3830 | D:4      | Noticed Pikel
  4055 | D:3      | Killed Pikel
  4056 | D:3      | Reached skill level 2 in Fighting
  4056 | D:3      | Reached XP level 7. HP: 40/40 MP: 6/11
  4056 | D:3      | Reached XP level 8. HP: 45/45 MP: 6/12
  4225 | D:3      | Reached skill level 3 in Fighting
  5255 | D:4      | Found an ornate altar of the Wu Jian Council.
  5500 | D:5      | Noticed Grinder
  5502 | D:5      | Killed Grinder
  5548 | D:5      | Reached skill level 4 in Fighting
  5844 | D:5      | Reached XP level 9. HP: 52/52 MP: 5/15
  6111 | D:5      | Found a transporter.
  6114 | D:5      | Noticed Zeo's ghost (novice BaHu)
  6357 | D:5      | Found a staircase to the Ecumenical Temple.
  6449 | Temple   | Entered the Ecumenical Temple
  6472 | Temple   | Became a worshipper of Vehumet
  6557 | D:5      | Found Keedurov's Magic Scroll Boutique.
  6709 | D:5      | Found a transporter.
  6793 | D:6      | Reached skill level 5 in Fighting
  7256 | D:6      | Reached skill level 5 in Spellcasting
  7625 | D:6      | Found a glowing silver altar of Zin.
  7626 | D:6      | Noticed an angel
  7635 | D:6      | Reached skill level 5 in Staves
  7779 | D:6      | Reached * piety under Vehumet
  7779 | D:6      | Offered knowledge of Shock by Vehumet.
  8862 | D:7      | Learned a level 1 spell: Shock
  8911 | D:8      | Reached skill level 6 in Fighting
  8914 | D:8      | Reached skill level 5 in Dodging
  9113 | D:8      | Reached XP level 10. HP: 61/61 MP: 11/18
  9370 | D:8      | Offered knowledge of Sting by Vehumet.
  9374 | D:8      | Reached ** piety under Vehumet
  9536 | D:8      | Noticed Erica
  9543 | D:8      | Killed Erica
  9548 | D:8      | Reached skill level 7 in Fighting
  9680 | D:8      | Noticed Jeremiah
  9694 | D:8      | Noticed a seven-headed hydra
  9729 | D:8      | Noticed an eight-headed hydra
  9740 | D:8      | Killed an eight-headed hydra
  9983 | D:8      | Noticed a cyclops
 10084 | D:8      | Noticed an orc sorcerer
 10098 | D:8      | Killed an orc sorcerer
 10247 | D:8      | Noticed a deep elf zephyrmancer
 10282 | D:8      | Killed a deep elf zephyrmancer
 10283 | D:8      | Reached skill level 8 in Fighting
 10288 | D:8      | Noticed a cyclops
 10312 | D:8      | Killed a cyclops
 10313 | D:8      | Reached XP level 11. HP: 68/68 MP: 6/21
 10401 | D:8      | Noticed a deep elf zephyrmancer
 10487 | D:8      | Killed a deep elf zephyrmancer
 10682 | D:7      | Learned a level 3 spell: Hailstorm
 10844 | D:8      | Killed Jeremiah
 11234 | D:8      | Killed a cyclops
 11296 | D:8      | Killed a seven-headed hydra
 11536 | D:8      | Noticed a green ugly thing
 11702 | D:8      | Found a shadowy altar of Dithmenos.
 11703 | D:8      | Offered knowledge of Scorch by Vehumet.
 12157 | D:9      | Reached skill level 9 in Fighting
 12388 | D:9      | Found a glowing golden altar of the Shining One.
 12388 | D:9      | Found a stormy altar of Qazlal.
 12425 | D:9      | Found a snail-covered altar of Cheibriados.
 12450 | D:9      | Reached *** piety under Vehumet
 12641 | D:9      | Offered knowledge of Olgreb's Toxic Radiance by Vehumet.
 12703 | D:9      | Found a staircase to the Orcish Mines.
 13255 | D:10     | Entered Level 10 of the Dungeon
 13379 | D:10     | Noticed a two-headed ogre
 13385 | D:10     | Killed a two-headed ogre
 13541 | D:10     | Noticed a two-headed ogre
 13613 | D:10     | Reached **** piety under Vehumet
 13738 | D:10     | Killed a two-headed ogre
 13843 | D:10     | Reached XP level 12. HP: 77/77 MP: 17/24
 13920 | D:10     | Noticed a centaur warrior
 13930 | D:10     | Killed a centaur warrior
 14201 | D:10     | Reached skill level 10 in Fighting
 14339 | D:10     | Found a staircase to the Lair.
 14523 | D:10     | Learned a level 3 spell: Passwall
 14576 | D:11     | Offered knowledge of Iskenderun's Mystic Blast by Vehumet.
 14824 | D:11     | Mangled by a skeletal warrior

Illustrated notes

Levels and vault maps discovered:
D:1:      saegor_arrival_simple_a, layout_loops_cross, serial_shops, shop,
          roderic_roman_lattice, roderic_malta_cross
D:2:      minmay_alternating_diamond, layout_basic, kennysheep_generic_room_2
D:3:      layout_basic, mainiacjoe_overflow_brackets, grunt_ministairs_2,
          item_on_display_a
D:4:      layout_basic, mainiacjoe_overflow_catwalk, gup_sewer_entry_pipe,
          uniq_pikel
D:5:      layout_loops_ring, temple_pool_b, serial_shops, kennysheep_mini,
          gammafunk_ghost_smash, minmay_pentangle, uniq_grinder
D:6:      layout_cave_pods, zin_angel
D:7:      layout_layer_cave, chequers_serial_rivers_micro_a
D:8:      minmay_the_grid_plus_closed [minmay_the_grid_eight,
          minmay_the_grid_tri_star, minmay_the_grid_medium_cups,
          minmay_the_grid_stretched_grid, minmay_the_grid_prize_four_corners],
          layout_loops_corners, grunt_dithmenos_shadows, lightli_corner_chamber,
          uniq_jeremiah, uniq_erica
D:9:      layout_roguey, cheibriados_altar_1, nicolae_overflow_two_pavilions,
          hiddenorc2_lemuel, nicolae_kite_square_tiling_tiny,
          serial_bayou_pond_d
D:10:     layout_gridville, erik_lair_dragon, evilmike_butchery
D:11:     layout_roguey
Temple:   bh_familiar_temple

Skill      XL: |  1  2  3  4  5  6  7  8  9 10 11 12 |
---------------+-------------------------------------+-----
Earth Magic    | 4 5 6 |  6.8
Conjurations   | 2 3 4 5 |  5.3
Fighting       | 2 4 6 8 9 10 | 10.1
Staves         | 2 4 5 7 8 9 |  9.2
Dodging        | 2 4 5 6 7 8 |  8.0
Spellcasting   | 3 4 5 7 8 |  8.7
Stealth        | |  2.1

Action                     |  1- 3 |  4- 6 |  7- 9 | 10-12 || total
---------------------------+-------+-------+-------+-------++-------
  Melee: Unarmed           |     6 |    11 |       |       ||    17
         Staff             |       |    15 |    41 |    52 ||   108
         Punch             |       |       |     1 |     1 ||     2
   Cast: Sandblast         |    36 |    90 |   118 |   120 ||   364
         Stone Arrow       |       |     7 |    45 |   125 ||   177
         Brom's Barrelling |       |       |     3 |     9 ||    12
         Hailstorm         |       |       |       |    25 ||    25
         Shock             |       |       |       |     1 ||     1
    Use: Scroll            |     3 |     9 |     9 |     6 ||    27
         Potion            |       |     3 |       |       ||     3
   Stab: Sleeping          |       |     1 |     2 |       ||     3
 Armour: Robe              |    12 |    55 |    67 |    98 ||   232
         Acid dragon scale |       |       |       |     8 ||     8
  Dodge: Dodged            |    15 |    49 |    54 |    96 ||   214
